 Dungeon Crawl Stone Soup version 0.31.0-12-g77e489cdc1 (webtiles) character file.

Game seed: 16415314353776710458

2186 jimonade the Covert (level 9, -1/70 HPs)
             Began as a Gnoll Brigand on Feb 28, 2024.
             Was an Elder of Dithmenos.
             Slain by a yak (9 damage)
             ... on level 6 of the Dungeon.
             The game lasted 00:16:55 (5035 turns).

jimonade the Covert (Gnoll Brigand)                 Turns: 5035, Time: 00:16:55

Health: -1/70      AC:  5    Str: 13    XL:     9   Next: 33%
Magic:  15/15      EV: 14    Int:  9    God:    Dithmenos [****..]
Gold:   329        SH:  0    Dex: 15    Spells: 16/16 levels left

rFire   . . .        c - +7 hammer "Dienwok" {vamp, rElec rPois rN++ Int-2}
rCold   . . .        (no shield)
rNeg    + + .        p - +0 robe
rPois   +            J - +0 helmet
rElec   +            M - +0 cloak
rCorr   .            k - +0 pair of gloves
SInv    .            (no boots)
Will    .....        (no amulet)
Stlth   ++++++       (no ring)
HPRegen 0.31/turn    (no ring)
MPRegen 0.14/turn

%: no passive effects
@: wreathed by umbra
A: fangs 1, strong nose, distributed training
a: Renounce Religion, Shadow Step


You were on level 6 of the Dungeon.
You worshipped Dithmenos.
Dithmenos was greatly pleased with you.
You visited 1 branch of the dungeon, and saw 6 of its levels.
You also visited: Sewer.

You collected 329 gold pieces.

Inventory:

Hand Weapons
 a - the +9 short sword "Duiryluh" {flame, rPois}
   (You took it off an orc on level 4 of the Dungeon)

   rPois:     It protects you from poison
 b - the +9 hand axe "Huffaz Vuang" {venom, Dex+2}
   (You found it on level 2 of the Dungeon)

   Dex+2:     It affects your dexterity (+2).
 c - the +7 hammer "Dienwok" (weapon) {vamp, rElec rPois rN++ Int-2}
   (You found it on level 5 of the Dungeon)

   Int-2:     It affects your intelligence (-2).
   rElec:     It insulates you from electricity.
   rPois:     It protects you from poison rN++: It greatly protects you from
   negative energy.
 C - a +0 heavy hand axe
 E - a +2 dagger
 K - a +0 shortbow
 L - a +3 quarterstaff of chaos
Missiles
 d - 15 poisoned darts (quivered)
 e - 3 curare-tipped darts
Armour
 j - a +0 scale mail
 k - a +0 pair of gloves (worn)
 o - a +0 chain mail
 p - a +0 robe (worn)
 y - a +0 ring mail
 z - a +0 leather armour
 A - a +0 robe
 J - a +0 helmet (worn)
 M - a +0 cloak (worn)
 N - a +0 cloak
Talismans
 q - a blade talisman
Wands
 H - a wand of flame (22)
 O - a wand of iceblast (10)
Scrolls
 m - 2 scrolls of fog
 n - a scroll of teleportation {unknown}
 t - 2 scrolls of blinking
 v - 2 scrolls of enchant armour {unknown}
 w - a scroll of identify
 x - 2 scrolls of noise {unknown}
 B - a scroll of revelation
 D - a scroll of amnesia {unknown}
 F - a scroll of butterflies {unknown}
 I - a scroll of poison {unknown}
Potions
 f - 8 potions of haste
 g - 4 potions of curing {unknown}
 h - 5 potions of heal wounds {unknown}
 i - a potion of berserk rage {unknown}
 l - a potion of might {unknown}
 r - a potion of enlightenment {unknown}
 s - 3 potions of degeneration {unknown}
 u - a potion of cancellation {unknown}
 G - 2 potions of mutation


   Skills:
 + Level 6.3 Fighting
 + Level 6.3 Short Blades
 + Level 4.3 Long Blades
 + Level 4.3 Axes
 + Level 4.3 Maces & Flails
 + Level 4.3 Polearms
 + Level 4.3 Staves
 + Level 4.3 Ranged Weapons
 + Level 6.3 Throwing
 + Level 4.3 Armour
 + Level 5.1 Dodging
 + Level 9.0 Stealth
 + Level 4.3 Shields
 + Level 4.3 Unarmed Combat
 + Level 4.3 Spellcasting
 + Level 3.5 Conjurations
 + Level 3.5 Hexes
 + Level 3.5 Summonings
 + Level 3.5 Necromancy
 + Level 3.5 Translocations
 + Level 3.5 Fire Magic
 + Level 3.5 Ice Magic
 + Level 3.5 Air Magic
 + Level 3.5 Earth Magic
 + Level 3.5 Alchemy
 + Level 4.7 Invocations
 + Level 4.3 Evocations
 + Level 3.9 Shapeshifting


You had 16 spell levels left.
You didn't know any spells.
Your spell library contained the following spells:

 Spells                   Type           Power      Damage    Failure   Level
 Magic Dart               Conj           32%        1d4       6%          1
 Shock                    Conj/Air       32%        1d5       6%          1
 Blink                    Tloc           16%        N/A       10%         2
 Call Imp                 Summ           16%        N/A       10%         2
 Ensorcelled Hibernation  Hex/Ice        16%        N/A       10%         2
 Passwall                 Erth           8%         N/A       19%         3
 Swiftness                Air            8%         N/A       19%         3
 Airstrike                Air            4%         2d(1-17)  52%         4


Dungeon Overview and Level Annotations

Branches:
Dungeon (6/15) Zot: 26749  Temple (0/1) D:5           Sewer (visited)

Altars:
Dithmenos
Kikubaaqudgha
Yredelemnul

Shops:
D:2 (


Innate Abilities, Weirdness & Mutations

You have very sharp teeth.
Your uncanny sense of smell can sniff out nearby items.
Your experience applies equally to all skills.


Message History

You kill the adder!
Dithmenos accepts your kill.
You now have 329 gold pieces (gained 13).
There are no items here.
Found a stone staircase leading up.
Found a stone staircase leading down.
m - 2 scrolls of fog (gained 1)
There are no items here. 2 yaks and an iguana come into view.
Found a spear.
A yak comes into view.
The yak bellows! x3; The iguana hisses angrily.
There is a stone staircase leading up here.
The +9 short sword "Duiryluh" {flame, rPois} stops flaming.
You feel agile.
The +9 hand axe "Huffaz Vuang" {venom, Dex+2} begins to drip with poison!
b - the +9 hand axe "Huffaz Vuang" (weapon)
{venom, Dex+2} The iguana bites you.
You hit the iguana.
The iguana is moderately wounded.
The iguana bites you but does no damage.
You slash the iguana! Your bite misses the iguana.
The iguana is severely wounded.
The iguana misses you.
You hit the iguana.
You kill the iguana!
Dithmenos accepts your kill.
The +9 hand axe "Huffaz Vuang" {venom, Dex+2} stops dripping with poison.
The +9 short sword "Duiryluh" {flame, rPois} bursts into flame!
a - the +9 short sword "Duiryluh" (weapon)
{flame, rPois} No target in view!
The yak bellows!
You hear a bellow!
The yak gores you! The yak attacks as it pursues you! The yak gores you.
The yak attacks as it pursues you! The yak completely misses you.
The yak barely misses you.
The +9 short sword "Duiryluh" {flame, rPois} stops flaming.
You feel agile.
The +9 hand axe "Huffaz Vuang" {venom, Dex+2} begins to drip with poison!
b - the +9 hand axe "Huffaz Vuang" (weapon)
{venom, Dex+2} The yak gores you!
You slash the yak!
The yak is poisoned.
The yak is moderately wounded.
The yak gores you but does no damage.
You closely miss the yak.
The yak is moderately wounded.
The yak gores you but does no damage.
You slash the yak!
The yak looks as sick as possible!
The yak is heavily wounded.
The yak gores you!
You slash the yak!
The yak looks as sick as possible!
The yak is severely wounded.
The yak completely misses you.
You hit the yak.
The yak looks as sick as possible!
The yak is almost dead.
The yak closely misses you.
The +9 hand axe "Huffaz Vuang" {venom, Dex+2} stops dripping with poison.
You feel stupid.
You feel a sense of dread.
c - the +7 hammer "Dienwok" (weapon)
{vamp, rElec rPois rN++ Int-2} The yak gores you.
You hit the yak.
You feel better.
You kill the yak!
Dithmenos accepts your kill.
Your shadow now sometimes tangibly mimics your actions.
Your Dodging skill increases to level 5!
You hit the yak.
You feel better.
You bite the yak, but do no damage.
The yak is lightly wounded.
Your shadow hits the yak with a mace. The yak gores you!
* * * LOW HITPOINT WARNING * * *
You closely miss the yak.
The yak is lightly wounded.
The yak closely misses you. The yak gores you.
* * * LOW HITPOINT WARNING * * *
You hit the yak. You bite the yak, but do no damage.
The yak is moderately wounded.
The yak gores you!
* * * LOW HITPOINT WARNING * * *
You sock the yak!
You feel better.
The yak is heavily wounded.
The yak gores you.
* * * LOW HITPOINT WARNING * * *
You closely miss the yak. You punch the yak, but do no damage.
The yak is heavily wounded.
Your shadow hits the yak with a mace. The yak gores you.
* * * LOW HITPOINT WARNING * * *
You hit the yak but do no damage. You bite the yak.
The yak is severely wounded.
Your shadow hits the yak with a mace. The yak closely misses you.
You hit the yak.
You feel better.
The yak is almost dead.
The yak closely misses you.
You sock the yak!
You kill the yak!
Dithmenos accepts your kill.
Your Stealth skill increases to level 9!
You hit the yak.
The yak is lightly wounded.
The yak gores you!
You die...

#........#
#....##.
#####.####
#...)#.. #..#
#...#.#. ##.#
#...#.#^ #.#
#...#.#. #.#
#..#...# #.#
####)..# #.# #...#
#@# ##.#.#. #Y#
Y.#.#.#. #.####
##)##.#.#. #....#
...#...#.. #....#
.Y# #...#..
#....##.# ##...#..
#....#..###.#.#.#.
#....<....#.#.#.#.
#....######.#.#.#.


You could see a yak.

Vanquished Creatures
  A manticore (D:6)
  2 yaks (D:6)
  A black bear (D:4)
  2 ogres
  2 centaurs
  A phantom (D:5)
  A bullfrog (D:6)
  5 scorpions
  A water moccasin zombie (D:4)
  Crazy Yiuf (D:5)
  A bombardier beetle (D:5)
  A jelly (D:6)
  3 orc priests
  2 hounds
  3 iguanas
  A sleepcap (D:4)
  A hell rat (Sewer)
  A scorpion zombie (D:4)
  A howler monkey zombie (D:4)
  5 gnolls
  3 river rats
  5 adders
  A shadow imp (D:5)
  A white imp (D:5)
  2 adder zombies (D:4)
  2 ribbon worms (D:2)
  2 dart slugs
  8 orcs
  6 bats
  10 endoplasms
  4 giant cockroaches
  7 goblins
  6 hobgoblins
  8 kobolds
  10 quokkas
  5 ball pythons
  2 frilled lizards
  15 rats
133 creatures vanquished.

Notes
Turn   | Place    | Note
-------+----------+-------------------------------------------
     0 | D:1      | jimonade the Gnoll Brigand began the quest for the Orb.
     0 | D:1      | Reached XP level 1. HP: 20/20 MP: 1/1
   111 | D:1      | Reached XP level 2. HP: 25/26 MP: 2/2
   181 | D:1      | Found a faded altar of an unknown god.
   193 | D:1      | Prayed at the altar of an unknown god.
   193 | D:1      | Became a worshipper of Dithmenos the Shadowed
   193 | D:1      | Reached * piety under Dithmenos
   654 | D:2      | Identified the +9 hand axe "Huffaz Vuang" {venom, Dex+2}
   703 | D:2      | Found Alausm's Weapon Shop.
   771 | D:2      | Reached XP level 3. HP: 31/31 MP: 3/3
   856 | D:2      | Reached skill level 1 in Invocations
   939 | D:2      | Reached skill level 1 in Long Blades
   939 | D:2      | Reached skill level 1 in Axes
   939 | D:2      | Reached skill level 1 in Maces & Flails
   939 | D:2      | Reached skill level 1 in Polearms
   939 | D:2      | Reached skill level 1 in Staves
   939 | D:2      | Reached skill level 1 in Ranged Weapons
   939 | D:2      | Reached skill level 1 in Armour
   939 | D:2      | Reached skill level 1 in Shields
   939 | D:2      | Reached skill level 1 in Unarmed Combat
   939 | D:2      | Reached skill level 1 in Spellcasting
   939 | D:2      | Reached skill level 1 in Evocations
   976 | D:2      | Reached skill level 1 in Shapeshifting
   976 | D:2      | Reached XP level 4. HP: 32/38 MP: 5/5
  1027 | D:2      | Reached ** piety under Dithmenos
  1486 | D:3      | Reached skill level 1 in Conjurations
  1486 | D:3      | Reached skill level 1 in Hexes
  1486 | D:3      | Reached skill level 1 in Summonings
  1486 | D:3      | Reached skill level 1 in Necromancy
  1486 | D:3      | Reached skill level 1 in Translocations
  1486 | D:3      | Reached skill level 1 in Fire Magic
  1486 | D:3      | Reached skill level 1 in Ice Magic
  1486 | D:3      | Reached skill level 1 in Air Magic
  1486 | D:3      | Reached skill level 1 in Earth Magic
  1486 | D:3      | Reached skill level 1 in Alchemy
  1487 | D:3      | Found a glowing drain.
  1498 | Sewer    | Entered a sewer
  1825 | Sewer    | Reached XP level 5. HP: 4/43 MP: 5/7
  2207 | D:3      | Reached skill level 8 in Stealth
  2476 | D:3      | Reached XP level 6. HP: 39/50 MP: 8/8
  3178 | D:4      | Reached *** piety under Dithmenos
  3208 | D:4      | Noticed a black bear
  3225 | D:4      | Reached skill level 5 in Fighting
  3225 | D:4      | Reached skill level 5 in Short Blades
  3225 | D:4      | Reached skill level 5 in Throwing
  3255 | D:4      | Killed a black bear
  3285 | D:4      | Identified the +9 short sword "Duiryluh" {flame, rPois}
  3482 | D:4      | Reached XP level 7. HP: 52/56 MP: 10/10
  3638 | D:4      | Found a basalt altar of Yredelemnul.
  3904 | D:5      | Entered Level 5 of the Dungeon
  3993 | D:5      | Found a staircase to the Ecumenical Temple.
  4011 | D:5      | Reached XP level 8. HP: 48/63 MP: 12/12
  4410 | D:5      | Found an ancient bone altar of Kikubaaqudgha.
  4733 | D:5      | Found a runed translucent door.
  4734 | D:5      | Noticed Crazy Yiuf
  4741 | D:5      | Killed Crazy Yiuf
  4744 | D:5      | Identified the +7 hammer "Dienwok" {vamp, rElec rPois rN++
                  | Int-2}
  4824 | D:6      | Noticed a manticore
  4826 | D:6      | Killed a manticore
  4855 | D:6      | Reached XP level 9. HP: 61/69 MP: 14/14
  5026 | D:6      | Reached **** piety under Dithmenos
  5027 | D:6      | Reached skill level 5 in Dodging
  5035 | D:6      | Reached skill level 9 in Stealth
  5035 | D:6      | Slain by a yak

Illustrated notes

Levels and vault maps discovered:
D:1:      dpeg_arrival_concentric_ovals, layout_basic, basic_ecumenical_altar
D:2:      minmay_general_purpose_star, layout_basic, serial_shops, shop
D:3:      layout_loops_corners, gup_sewer_entry_bubbles, kennysheep_potato
D:4:      layout_cave_pools, nicolae_yredelemnul_corpse_copse,
          serial_column_ruins, column_ruins_hut, column_ruins_circle_large,
          column_ruins_open_medium, column_ruins_corridor_dead_end,
          column_ruins_columns_corner, column_ruins_grid_1, column_ruins_grid_3,
          column_ruins_open_small_water
D:5:      layout_gridville, general_overflow_altar,
          minmay_temple_entry_poolview, nicolae_the_louvre,
          uniq_crazy_yiuf_cottage
D:6:      nicolae_BIG_FREAKIN_CUBE, layout_rooms

Skill      XL: |  1  2  3  4  5  6  7  8  9 |
---------------+----------------------------+-----
Invocations    | 1 2 3 4 |  4.7
Long Blades    | 1 2 3 4 |  4.3
Axes           | 1 2 3 4 |  4.3
Maces & Flails | 1 2 3 4 |  4.3
Polearms       | 1 2 3 4 |  4.3
Staves         | 1 2 3 4 |  4.3
Ranged Weapons | 1 2 3 4 |  4.3
Armour         | 1 2 3 4 |  4.3
Shields        | 1 2 3 4 |  4.3
Unarmed Combat | 1 2 3 4 |  4.3
Spellcasting   | 1 2 3 4 |  4.3
Evocations     | 1 2 3 4 |  4.3
Shapeshifting  | 1 2 3 |  3.9
Conjurations   | 1 2 3 |  3.5
Hexes          | 1 2 3 |  3.5
Summonings     | 1 2 3 |  3.5
Necromancy     | 1 2 3 |  3.5
Translocations | 1 2 3 |  3.5
Fire Magic     | 1 2 3 |  3.5
Ice Magic      | 1 2 3 |  3.5
Air Magic      | 1 2 3 |  3.5
Earth Magic    | 1 2 3 |  3.5
Alchemy        | 1 2 3 |  3.5
Dodging        | 3 4 5 |  5.1
Stealth        | 8 9 |  9.0
Fighting       | 5 6 |  6.3
Short Blades   | 5 6 |  6.3
Throwing       | 5 6 |  6.3

Action                     |  1- 3 |  4- 6 |  7- 9 || total
---------------------------+-------+-------+-------++-------
  Melee: Dagger            |    32 |    27 |    13 ||    72
         Hand axe          |    25 |   105 |    40 ||   170
         Bite              |     2 |    12 |    11 ||    25
         Short sword       |       |       |    33 ||    33
         Punch             |       |       |     2 ||     2
         Mace              |       |       |    10 ||    10
  Throw: Dart              |       |     3 |       ||     3
    Use: Scroll            |       |     1 |     4 ||     5
   Stab: Sleeping          |    19 |    15 |    18 ||    52
         Distracted        |       |     1 |       ||     1
 Armour: Robe              |    20 |    56 |    45 ||   121
  Dodge: Dodged            |    26 |    70 |    48 ||   144
